 Dungeon Crawl Stone Soup version 0.30-a0-586-g23e55c9e0a (webtiles) character file.

Game seed: 12376384648354968074

291 PyroL the Firebug (level 6, -3/41 HPs)
             Began as a Demonspawn Fire Elementalist on Jan 3, 2023.
             Slain by a lemure (6 damage)
             ... led by Pikel
             ... on level 3 of the Dungeon.
             The game lasted 00:08:32 (3673 turns).

PyroL the Firebug (Demonspawn Fire Elementalist)    Turns: 3673, Time: 00:08:33

Health: -3/41      AC:  7    Str:  9    XL:     6   Next: 10%
Magic:  0/12       EV: 12    Int: 18    God:
Gold:   253        SH:  0    Dex: 13    Spells: 10/13 levels left

rFire   . . .      SeeInvis .    B - +3 trident (flame)
rCold   . . .      Faith    .    (no shield)
rNeg    . . .      Spirit   .    a - +0 robe
rPois   .          Reflect  .    o - +2 helmet
rElec   .          Harm     .    (no cloak)
rCorr   .          Rampage  .    d - +0 pair of gloves
Will    .....                    n - +0 pair of boots
Stlth   ++                       (no amulet)
HPRegen 0.26/turn                (no ring)
MPRegen 0.13/turn                (no ring)

@: about to teleport
A: powered by pain 1, demonic touch 1
a: no special abilities


You were on level 3 of the Dungeon.
You visited 1 branch of the dungeon, and saw 4 of its levels.

You collected 253 gold pieces.

Inventory:

Hand Weapons
 B - a +3 trident of flaming (weapon)
Missiles
 t - 5 poisoned darts
Armour
 a - a +0 robe (worn)
 d - a +0 pair of gloves (worn)
 n - a +0 pair of boots (worn)
 o - a +2 helmet (worn)
Wands
 s - a wand of mindburst (6)
 A - a wand of flame (9)
Scrolls
 e - a scroll of blinking {unknown}
 f - a scroll of magic mapping
 h - a scroll of fog {unknown}
 i - a scroll of enchant armour {unknown}
 j - 2 scrolls of fear
 l - 2 scrolls of teleportation
 u - a scroll of immolation {unknown}
 v - a scroll of enchant weapon {unknown}
 x - 2 scrolls of amnesia {unknown}
 z - 2 scrolls of silence {unknown}
Potions
 b - a potion of magic
 c - a potion of berserk rage
 g - 2 potions of heal wounds
 k - a potion of mutation
 m - a potion of might {unknown}
 p - 2 potions of curing
 q - a potion of haste {unknown}
 r - a potion of brilliance {unknown}
 w - a potion of cancellation {unknown}


   Skills:
 + Level 0.0 Fighting
 - Level 1.7 Dodging
 - Level 1.7 Stealth
 + Level 4.2 Spellcasting
 - Level 1.8 Conjurations
 + Level 4.6 Fire Magic


You had 10 spell levels left.
You knew the following spells:

 Your Spells              Type           Power      Damage    Failure   Level
a - Foxfire               Conj/Fire      60%        2x1d7     3%          1
b - Scorch                Fire           40%        2d7       3%          2

Your spell library contained the following spells:

 Spells                   Type           Power      Damage    Failure   Level
 Freeze                   Ice            12%        1d3       14%         1
 Inner Flame              Hex/Fire       12%        N/A       17%         3
 Cigotuvi's Dreadful Rot  Necr/Pois/Air  6%         N/A       22%         2
 Kindle Blastsparks       Fire/Tloc/Air  18%        2d11      22%         3
 Hailstorm                Conj/Ice       7%         3d4       28%         3
 Flame Wave               Conj/Fire      15%        2d7       36%         4
 Frozen Ramparts          Ice            6%         1d1       41%         3
 Dispel Undead            Necr           3%         3d7       82%         4
 Passage of Golubria      Tloc           3%         N/A       82%         4
 Petrify                  Tmut/Erth      3%         N/A       82%         4
 Metabolic Englaciation   Hex/Ice        1%         N/A       99%         5
 Silence                  Hex/Air        1%         N/A       99%         5
 Death Channel            Necr           1%         N/A       100%        6
 Statue Form              Tmut/Erth      2%         N/A       100%        6
 Lehudib's Crystal Spear  Conj/Erth      3%         10d3      100%        8


Dungeon Overview and Level Annotations

Branches:
Dungeon (4/15)
 Temple: D:4-7

Altars:

Annotations:
D:3 Pikel


Innate Abilities, Weirdness & Mutations

You sometimes gain a little power by taking damage.
Your touch may inflict minor irresistible damage on your foes.


Message History

That felt strangely unrewarding.
Pikel hits you with a +1 whip of freezing.
* * * LOW HITPOINT WARNING * * *
Pikel freezes you.
* * * LOW HITPOINT WARNING * * *
The lemure barely misses you. x2
As you read the scroll labelled QAMACH VADI, it crumbles to dust.
You feel strangely unstable.
It was a scroll of teleportation.
Pikel closely misses you. The lemure completely misses you.
The lemure closely misses you.
Casting: Scorch (safe; 3% risk of failure)
Confirm with . or Enter, or press ? or * to list all spells.
Flames lash the lemure.
The lemure is lightly wounded.
The lemure's fire resistance burns away.
Pikel hits you with a +1 whip of freezing.
* * * LOW HITPOINT WARNING * * *
Pikel freezes you.
* * * LOW HITPOINT WARNING * * *
The lemure hits you.
* * * LOW HITPOINT WARNING * * *
The lemure completely misses you.
Casting: Scorch (safe; 3% risk of failure)
Confirm with . or Enter, or press ? or * to list all spells.
Flames lash the lemure.
The lemure is burned terribly!
The lemure is heavily wounded.
Pikel barely misses you. The lemure barely misses you. The lemure hits you.
* * * LOW HITPOINT WARNING * * *
Casting: Scorch (safe; 3% risk of failure)
Confirm with . or Enter, or press ? or * to list all spells.
Flames lash the lemure.
The lemure is lightly wounded.
The lemure's fire resistance burns away.
Pikel waves his whip at you.
Pikel hits you with a +1 whip of freezing.
* * * LOW HITPOINT WARNING * * *
Pikel freezes you.
* * * LOW HITPOINT WARNING * * *
The lemure barely misses you. The lemure hits you.
You die...

#######.#..##.#
.###..#....(#.#
##.#....#.....###
.#..#.###.#.....#
..#.#'# #.#.#.#.#
#.###.#
#...#.#.##
###...#
#####.#..#
#...### #.##5#
..###.# #.##@#
.##...# #..K5#
†...### ####.#
#).##)# #.#
##....# #.#
.##..## #.#
#.##.(# #.#
.#.##.# #.#
..#.### #.#


You could see Pikel and 2 lemures.

Vanquished Creatures
  2 lemures (D:3)
  A scorpion (D:4)
  A hound (D:4)
  Ijyb (D:4)
  An iguana (D:4)
  4 adders
  4 worms
  A dart slug (D:3)
  3 orcs (D:3)
  6 ball pythons
  10 endoplasms
  5 giant cockroaches
  8 goblins
  4 hobgoblins
  13 jackals
  7 kobolds
  5 quokkas
  8 bats
  4 frilled lizards
  6 rats
94 creatures vanquished.

Vanquished Creatures (others)
  193 foxfires
193 creatures vanquished.

Grand Total: 287 creatures vanquished

Notes
Turn   | Place    | Note
-------+----------+-------------------------------------------
     0 | D:1      | PyroL the Demonspawn Fire Elementalist began the quest for
                  | the Orb.
     0 | D:1      | Reached XP level 1. HP: 13/13 MP: 3/3
   324 | D:1      | Gained mutation: Your touch may inflict minor irresistible
                  | damage on your foes. [demonic ancestry]
   324 | D:1      | Reached XP level 2. HP: 19/19 MP: 0/5
   595 | D:1      | Learned a level 2 spell: Scorch
  1320 | D:2      | Reached XP level 3. HP: 24/24 MP: 4/6
  1576 | D:2      | Gained mutation: You sometimes gain a little power by
                  | taking damage. [demonic ancestry]
  1576 | D:2      | Reached XP level 4. HP: 30/30 MP: 5/8
  2926 | D:3      | Reached XP level 5. HP: 35/35 MP: 6/10
  3199 | D:4      | Noticed Ijyb
  3231 | D:4      | Killed Ijyb
  3352 | D:4      | Reached XP level 6. HP: 41/41 MP: 3/12
  3436 | D:4      | Noticed Pikel
  3673 | D:3      | Slain by a lemure

Illustrated notes

Levels and vault maps discovered:
D:1:      spicycebolla_arrival_clurvy, layout_basic
D:2:      layout_basic
D:3:      minmay_razor_zed, layout_basic
D:4:      layout_rooms, uniq_pikel, uniq_ijyb

Skill      XL: |  1  2  3  4  5 |
---------------+----------------+-----
Fire Magic     | 3 4 |  4.6
Spellcasting   | 3 4 |  4.2
Dodging        | |  1.7
Stealth        | |  1.7
Conjurations   | |  1.8

Action                   |  1- 3 |  4- 6 || total
-------------------------+-------+-------++-------
Melee: Unarmed           |    31 |     2 ||    33
       Touch             |     4 |     7 ||    11
       Punch             |     1 |     1 ||     2
       Trident           |       |    41 ||    41
       Dagger            |       |     3 ||     3
       Whip              |       |    21 ||    21
 Cast: Foxfire           |    45 |    81 ||   126
       Scorch            |     8 |    23 ||    31
  Use: Scroll            |     2 |     6 ||     8
       Potion            |       |     1 ||     1
 Stab: Sleeping          |       |     1 ||     1
Armor: Robe              |    20 |    48 ||    68
       Skin              |       |     2 ||     2
Dodge: Dodged            |    34 |    58 ||    92

Table legend: (Time is in decaauts)
 A = Elapsed time spent in this place.
 B = Non-inter-level travel time spent in this place.
 C = Inter-level travel time spent in this place.
 D = Time resting spent in this place.
 E = Time spent auto-exploring this place.
 F = Levels seen in this place.
 G = Mean time per level.
                   A        B        C        D        E       F      G
               +--------+--------+--------+--------+--------+-----+--------+
         Total |   3686 |   3623 |     63 |    142 |   2727 |   4 |  921.5 |
       Dungeon |   3686 |   3623 |     63 |    142 |   2727 |   4 |  921.5 |
               +--------+--------+--------+--------+--------+-----+--------+

Top non-repeatable levels by time:
     D:1: 1304 daAuts
     D:3: 1007 daAuts
     D:2: 774 daAuts
     D:4: 599 daAuts
